 Dungeon Crawl Stone Soup version 0.28-a0-80-g9707f7362f (webtiles) character file.

Game seed: 15195285230931867670

12490 deadmanwalking the Covert (level 11, -22/68 HPs)
             Began as a Vampire Enchanter on Aug 3, 2021.
             Was an Initiate of Gozag.
             Annihilated by an ettin (38 damage)
             ... on level 2 of the Orcish Mines on Aug 4, 2021.
             The game lasted 01:03:38 (14919 turns).

deadmanwalking the Covert (Vampire Enchanter)      Turns: 14919, Time: 01:03:40

Health: -22/68     AC: 12    Str:  7    XL:     11   Next: 63%
Magic:  16/21      EV: 14    Int: 20    God:    Gozag
Gold:   978        SH:  0    Dex: 16    Spells: 11/23 levels left

rFire   . . .      SeeInvis +   a - +5 short sword (spect)
rCold   + . .      Faith    .   (no shield)
rNeg    + . .      Spirit   .   T - +2 robe {rN+}
rPois   .          Reflect  .   (no helmet)
rElec   .          Harm     .   o - +2 cloak
rCorr   +          Rampage  .   x - +2 pair of gloves
Will    +....                   c - +1 pair of boots
Stlth   +++++.....              (no amulet)
HPRegen 0.41/turn               q - ring of protection from cold
MPRegen 0.17/turn               O - ring of resist corrosion

@: healing quickly
A: alive, fangs 3, see invisible, vampiric 2
a: Exsanguinate, Renounce Religion, Potion Petition, Call Merchant, Bribe Branch


You were on level 2 of the Orcish Mines.
You worshipped Gozag.
Gozag was pleased with you.
You visited 3 branches of the dungeon, and saw 13 of its levels.
You also visited: Sewer.

You collected 1981 gold pieces.
You spent 11 gold pieces at shops.
You paid 992 gold pieces to Gozag.

Inventory:

Hand Weapons
 a - a +5 spectral short sword (weapon)
 b - a +0 hand crossbow
Missiles
 d - 12 stones
 f - 8 curare-tipped darts
 i - 17 boomerangs
 s - 127 bolts
 u - 89 poisoned darts
 M - 3 throwing nets
Armour
 c - a +1 pair of boots (worn)
 k - a +1 robe of willpower
 o - a +2 cloak (worn)
 x - a +2 pair of gloves (worn)
 A - a +2 kite shield of protection
 T - a +2 robe of positive energy (worn)
Jewellery
 q - a ring of protection from cold (left hand)
 w - a ring of protection from cold
 z - a ring of fire
 D - an amulet of guardian spirit
 O - a ring of resist corrosion (right hand)
Wands
 h - a wand of iceblast (5)
 j - a wand of digging (6)
 F - a wand of acid (6)
 S - a wand of mindburst (6)
 Z - a wand of polymorph (5)
Scrolls
 e - 9 scrolls of teleportation
 g - a scroll of immolation
Potions
 m - 7 potions of curing
 n - 4 potions of cancellation
 p - 3 potions of attraction
 r - 2 potions of flight
 N - a potion of resistance
 Q - a potion of berserk rage
 R - a potion of haste {unknown}
 U - a potion of lignification {unknown}
 X - a potion of brilliance {unknown}
Miscellaneous
 W - a lightning rod (4/4)


   Skills:
 * Level 11.1 Short Blades
 - Level 5.0 Dodging
 + Level 11.6 Stealth
 + Level 5.1 Shields
 + Level 6.7 Spellcasting
 + Level 3.7 Conjurations
 - Level 10.0 Hexes
 - Level 2.0 Translocations
 - Level 5.0 Ice Magic


You had 11 spell levels left.
You knew the following spells:

 Your Spells              Type           Power      Damage    Failure   Level
a - Corona                Hex            51%        N/A       1%          1
b - Ensorcelled Hibernat  Hex/Ice        72%        N/A       1%          2
c - Tukima's Dance        Hex            46%        N/A       1%          3
d - Apportation           Tloc           28%        N/A       4%          1
e - Dazzling Flash        Conj/Hex       68%        N/A       1%          3
f - Blink                 Tloc           N/A        N/A       6%          2

Your spell library contained the following spells:

 Spells                   Type           Power      Damage    Failure   Level
 Confusing Touch          Hex            46%        N/A       1%          3
 Ozocubu's Armour         Ice            26%        N/A       3%          3
 Summon Guardian Golem    Hex/Summ       26%        N/A       3%          3
 Beastly Appendage        Tmut           12%        N/A       10%         1
 Summon Small Mammal      Summ           24%        N/A       10%         1
 Metabolic Englaciation   Hex/Ice        18%        N/A       12%         5
 Lesser Beckoning         Tloc           7%         N/A       13%         3
 Wereblood                Tmut           6%         N/A       14%         2
 Call Canine Familiar     Summ           6%         N/A       28%         3
 Spider Form              Tmut/Pois      3%         N/A       28%         3
 Manifold Assault         Tloc           14%        N/A       75%         5
 Simulacrum               Ice/Necr       8%         N/A       99%         6
 Summon Hydra             Summ           3%         N/A       100%        7
 Sublimation of Blood     Necr           Unusable   N/A       N/A         2

Dungeon Overview and Level Annotations

Branches:
Dungeon (10/15)            Temple (1/1) D:7            Lair (0/6) D:10
    Orc (2/2) D:10            Elf (0/3) Orc:2         Sewer (visited)

Altars:
Ashenzari
Cheibriados
Dithmenos
Elyvilon
Fedhas
Gozag
Hepliaklqana
Kikubaaqudgha
Makhleb
Nemelex Xobeh
Okawaru
Qazlal
Ru
Sif Muna
Trog
Uskayaw
Vehumet
Wu Jian
Xom
Yredelemnul
Zin
The Shining One
Beogh

Shops:
D:2 !   D:5 !   D:6 **   D:7 :

Annotations:
D:8 1 transporter


Innate Abilities, Weirdness & Mutations

Your natural rate of healing is accelerated.
You have razor-sharp teeth.
You have supernaturally acute eyesight. (SInv)
You are afflicted with vampirism and can become a bat while bloodless.


Message History

The orc looks drowsy...
The helpless orc fails to defend itself.
You perforate the orc like a sieve!!!!
You kill the orc!
The orc priest resists with significant effort.
The orc priest barely misses you.
You closely miss the orc priest.
The orc priest looks drowsy...
The orc priest mumbles some strange prayers to Beogh against you.
Beogh smites you!
The helpless orc priest fails to defend itself.
You perforate the orc priest like a sieve!!!!
You kill the orc priest!
The orc priest looks drowsy...
Things that are here:
9 gold pieces; a +0 dagger; a +0 whip The helpless orc priest fails to defend itself.
You skewer the orc priest like a kebab!!!!
You kill the orc priest!
You now have 972 gold pieces (gained 9).
Things that are here:
a +0 dagger; a +0 whip You now have 978 gold pieces (gained 6).
You see here a +0 flail.
An ettin comes into view.
It is wielding a +3 dire flail and a +0 dire flail.
Found 24 gold pieces.
Found 12 gold pieces.
The ogre shouts!
The ettin shouts in stereo!
The ettin hits you with a +3 dire flail!!!
Ouch! That really hurt!
The ettin closely misses you.
You hit the ettin.
The ettin is lightly wounded.
Your spectral +5 spectral short sword hits the ettin.
The ettin hits you with a +3 dire flail!
* * * LOW HITPOINT WARNING * * *
The ettin hits you with a +0 dire flail!!!
Ouch! That really hurt!
You die...
Your body crumbles into a pile of gold.

... ...## #... ..#.##.
#.... .......
#..###....#..
##...#....$...
#.....O.......
#....(C......
#...#@....$..
#####............
#.).............. #.##
####)#'##..#.#.....
...###.##.#..#.#........
....#.....#..#.##.#.....
..........#..#.#...###..
....#.....#_.#..#...# ..
..........####...#.##


You could see an ettin, an ogre and a friendly spectral +5 spectral short sword
(summoned).

Vanquished Creatures
  3 boulder beetles
  Pikel (D:7)
  A deep elf pyromancer (D:7)
  A cyclops (D:7)
  A manticore (D:10)
  Joseph (D:7)
  3 kobold demonologists
  2 trolls
  A shadow (D:7)
  A wyvern (D:6)
  A wraith (D:8)
  Eustachio (D:6)
  A steam dragon (D:10)
  A vampire mosquito (D:7)
  3 wargs
  Menkaure (D:6)
  4 water moccasins
  2 acid dragons (D:10)
  Edmund (D:6)
  8 orc warriors
  4 black bears
  A hornet zombie (D:7)
  A sky beast (D:6)
  2 ogres
  An ice beast (D:7)
  3 centaurs
  3 lemures (D:6)
  4 kobold brigands
  A bullfrog (D:7)
  A gnoll sergeant (D:9)
  A wyvern zombie (D:7)
  3 scorpions (D:6)
  2 water moccasin skeletons
  14 killer bees
  6 wights
  A howler monkey (D:10)
  A centaur zombie (D:8)
  A bullfrog zombie (D:6)
  A jelly (D:5)
  2 gnoll shamans
  A hound (D:7)
  Crazy Yiuf (D:4)
  12 orc priests
  A centaur skeleton (D:7)
  2 iguanas
  20 orc wizards
  A killer bee zombie (D:8)
  A hound skeleton (D:4)
  A howler monkey zombie (D:9)
  14 gnolls
  6 adders
  3 river rats (Sewer)
  A shadow imp (D:6)
  4 white imps
  An ufetubus (D:5)
  2 adder skeletons
  2 worms
  2 dart slugs
  37 orcs
  4 endoplasms
  A giant cockroach (D:2)
  5 goblins
  4 hobgoblins
  6 jackals
  3 quokkas
  11 ball pythons
  7 bats
  2 frilled lizards
  13 kobolds
  15 rats
274 creatures vanquished.

Vanquished Creatures (collateral kills)
  Maggie (D:8)
  An orc warrior (D:5)
  A kobold brigand (D:8)
  6 wights (D:8)
  4 gnolls
  An orc (D:8)
  3 kobolds
17 creatures vanquished.

Vanquished Creatures (others)
  2 dancing weapons
  An orc (D:10)
  2 plants (D:7)
5 creatures vanquished.

Grand Total: 296 creatures vanquished

Notes
Turn   | Place    | Note
-------+----------+-------------------------------------------
     0 | D:1      | deadmanwalking the Vampire Enchanter began the quest for
                  | the Orb.
     0 | D:1      | Reached XP level 1. HP: 13/13 MP: 3/3
    28 | D:1      | You fall into a shaft and drop 1 floor!
   114 | D:2      | Found Ruemezech's Distillery.
   335 | D:1      | Reached XP level 2. HP: 16/19 MP: 5/5
   338 | D:1      | Learned a level 2 spell: Ensorcelled Hibernation
   988 | D:1      | Gained mutation: You are afflicted with vampirism and can
                  | become a bat while bloodless. [Vampire growth]
   988 | D:1      | Reached XP level 3. HP: 24/24 MP: 6/6
  1492 | D:2      | Reached skill level 5 in Stealth
  1492 | D:2      | Reached XP level 4. HP: 14/30 MP: 0/7
  1585 | D:2      | Bought a potion of degeneration for 11 gold pieces
  1928 | D:2      | Learned a level 3 spell: Tukima's Dance
  1996 | D:3      | Found a glowing drain.
  2014 | D:3      | Reached skill level 1 in Ice Magic
  2037 | Sewer    | Entered a sewer
  2438 | Sewer    | Reached skill level 5 in Hexes
  2469 | Sewer    | Noticed a kobold brigand
  2485 | Sewer    | Killed a kobold brigand
  2486 | Sewer    | Reached XP level 5. HP: 11/35 MP: 2/8
  2877 | Sewer    | Reached XP level 6. HP: 27/41 MP: 2/10
  3438 | D:3      | Found a hazy altar of Hepliaklqana.
  3694 | D:3      | Found a faded altar of an unknown god.
  3699 | D:3      | Got Plato's Catalogue of Translocation
  3702 | D:3      | Learned a level 1 spell: Apportation
  4159 | D:3      | You fall into a shaft and drop 2 floors!
  4159 | D:5      | Entered Level 5 of the Dungeon
  4159 | D:5      | Found a stormy altar of Qazlal.
  4159 | D:5      | Found a snail-covered altar of Cheibriados.
  4763 | D:4      | Found an iron altar of Okawaru.
  4768 | D:4      | Found a blossoming altar of Fedhas.
  4811 | D:4      | Reached XP level 7. HP: 46/46 MP: 11/11
  4911 | D:4      | Reached skill level 5 in Short Blades
  5189 | D:4      | Learned a level 3 spell: Dazzling Flash
  5266 | D:4      | Found a runed translucent door.
  5267 | D:4      | Noticed Crazy Yiuf
  5274 | D:4      | Killed Crazy Yiuf
  5757 | D:5      | Found Vaczauwahi's Distillery.
  5781 | D:5      | Reached XP level 8. HP: 52/52 MP: 6/13
  6216 | D:5      | Found an opulent altar of Gozag.
  6613 | D:5      | Became a worshipper of Gozag Ym Sagoz the Greedy
  7034 | D:6      | Reached skill level 5 in Dodging
  7106 | D:6      | Found Tiaghu Loext's Specific Store.
  7107 | D:6      | Found Iskodoru's General Store.
  7312 | D:6      | Noticed Edmund
  7320 | D:6      | Killed Edmund
  7484 | D:6      | Noticed Menkaure
  7487 | D:6      | Killed Menkaure
  7488 | D:6      | Reached skill level 1 in Shields
  7488 | D:6      | Reached skill level 1 in Translocations
  7488 | D:6      | Reached XP level 9. HP: 57/57 MP: 15/15
  7648 | D:6      | Noticed Eustachio
  7662 | D:6      | Killed Eustachio
  7808 | D:6      | You fall into a shaft and drop 1 floor!
  8312 | D:7      | Noticed Joseph
  8324 | D:7      | Killed Joseph
  8608 | D:7      | Found a staircase to the Ecumenical Temple.
  8621 | Temple   | Entered the Ecumenical Temple
  8774 | D:7      | Noticed Pikel
  8924 | D:7      | Killed Pikel
  8925 | D:7      | Reached skill level 5 in Spellcasting
  8925 | D:7      | Reached skill level 1 in Conjurations
  8925 | D:7      | Reached skill level 5 in Ice Magic
  8925 | D:7      | Reached XP level 10. HP: 63/63 MP: 11/17
  9090 | D:7      | Noticed a boulder beetle
  9103 | D:7      | Killed a boulder beetle
  9231 | D:7      | Noticed a boulder beetle
  9257 | D:7      | Noticed a cyclops
  9501 | D:7      | Learned a level 2 spell: Blink
  9509 | D:7      | Noticed a rust devil
  9575 | D:7      | Identified the +5 short sword of Guwui {venom, Fragile
                  | rElec rF++ Int+3}
  9586 | D:7      | Identified the +8 great mace "Goblinslayer" {pain, rElec
                  | rN+ Int+2 Dex+4}
  9586 | D:7      | Noticed a deep elf pyromancer
  9714 | D:7      | Killed a deep elf pyromancer
  9715 | D:7      | Reached skill level 10 in Stealth
  9821 | D:7      | Killed a cyclops
 10753 | D:8      | Found a sparkling altar of Nemelex Xobeh.
 10753 | D:8      | Found a transporter.
 10753 | D:8      | Noticed a cyclops
 11035 | D:8      | Noticed a boulder beetle
 11043 | D:8      | Killed a boulder beetle
 11044 | D:8      | Reached skill level 10 in Short Blades
 11127 | D:8      | Reached XP level 11. HP: 68/68 MP: 19/19
 11153 | D:8      | Reached skill level 10 in Hexes
 11306 | D:8      | Noticed Maggie
 11317 | D:8      | Killed Maggie
 12660 | D:9      | Upgraded the game from 0.28-a0-79-g444c7a33f5 to
                  | 0.28-a0-80-g9707f7362f
 12678 | D:10     | Entered Level 10 of the Dungeon
 12691 | D:10     | Found a staircase to the Lair.
 13387 | D:7      | Killed a boulder beetle
 13536 | D:10     | HP: 1/68 [steam dragon/ball of steam (20)]
 14007 | D:10     | Found a staircase to the Orcish Mines.
 14413 | Orc:1    | Entered Level 1 of the Orcish Mines
 14419 | Orc:1    | Reached skill level 5 in Shields
 14656 | Orc:1    | Found a shimmering blue altar of Sif Muna.
 14848 | Orc:2    | Entered Level 2 of the Orcish Mines
 14874 | Orc:2    | Found a staircase to the Elven Halls.
 14912 | Orc:2    | Noticed an ettin
 14919 | Orc:2    | Annihilated by an ettin

Illustrated notes

Levels and vault maps discovered:
D:1:      lightli_arrival_maybe_door_vault, layout_basic,
          serial_co_window_serial, co_window_paths_a,
          co_window_of_opportunity_a, co_window_paths_b, co_window_paths_a,
          co_window_paths_a, co_window_paths_a, co_window_paths_b,
          co_window_paths_c, co_window_unsneaky_path_c, co_window_corner_b,
          co_window_corner_cb, co_window_unsneaky_path_b, glass_columns_b,
          glass_columns_b, glass_columns_b, glass_columns_b, glass_columns_a
D:2:      layout_basic, serial_shops, shop
D:3:      layout_basic, general_overflow_altar,
          shapermc_ecumenical_altar_rom_forum, cheibrodos_sewer_entry_bend
D:4:      layout_basic, grunt_temple_overflow_diamond, uniq_crazy_yiuf_cottage
D:5:      layout_rooms, chequers_temple_overflow_statue_of_worship,
          lemuel_round_altar, serial_shops, shop
D:6:      layout_basic, serial_co_window_serial, co_window_of_opportunity_a,
          co_window_paths_b, co_window_paths_a, co_window_corner_a,
          co_window_paths_b, co_window_cross_3, co_window_corner_cb,
          co_window_unsneaky_path_a, co_window_4corner_a, co_window_sun,
          glass_columns_b, glass_columns_c, glass_columns_a, glass_columns_a,
          nicolae_specific_store, minmay_misc_feat_encased, uniq_menkaure,
          uniq_edmund, uniq_eustachio
D:7:      minmay_the_grid_square_5x5_3x3
          [minmay_the_grid_square_5x5_two_walls_b,
          minmay_the_grid_square_5x5_inner_i, minmay_the_grid_square_5x5_meh,
          minmay_the_grid_square_5x5_shrine2,
          minmay_the_grid_square_5x5_megaprize_open,
          minmay_the_grid_square_5x5_detours,
          minmay_the_grid_square_5x5_minibox, minmay_the_grid_square_5x5_forky,
          minmay_the_grid_square_5x5_three_small], layout_basic,
          minmay_temple_entry_arrows, serial_bayou_pond_d, uniq_pikel,
          uniq_joseph
D:8:      layout_loops_ring, grunt_nemelex_the_gamble, serial_rivers,
          chequers_serial_rivers_room_b, chequers_serial_rivers_micro_c,
          chequers_serial_rivers_micro_d, chequers_serial_rivers_marsh,
          uniq_maggie
D:9:      layout_basic
D:10:     kennysheep_blocky_hall, layout_gridville, erik_lair_orcish_takeover,
          orc_0_dummy
Temple:   zaba_magenta_temple
Orc:1:    layout_caves, basic_altar, kennysheep_orc_sif_temple
Orc:2:    grunt_orc_community_town_hall, layout_caves,
          grunt_orc_community_big_house_1, grunt_orc_community_big_house_2,
          grunt_orc_community_house_2, grunt_orc_community_house_2,
          grunt_orc_community_house_1, grunt_orc_community_house_3,
          grunt_orc_community_house_1, nicolae_orc_damp_corner, uniq_urug

Skill      XL: |  1  2  3  4  5  6  7  8  9 10 11 |
---------------+----------------------------------+-----
Short Blades   | 2 3 4 5 7 8 10 11 | 11.1
Stealth        | 5 6 7 8 9 10 11 | 11.6
Ice Magic      | 1 2 3 4 5 |  5.0
Hexes          | 5 6 7 8 9 10 | 10.0
Dodging        | 3 4 5 |  5.0
Spellcasting   | 3 4 5 6 |  6.7
Shields        | 1 2 4 5 |  5.1
Translocations | 1 2 |  2.0
Conjurations   | 1 2 3 |  3.7

Action                   |  1- 3 |  4- 6 |  7- 9 | 10-12 || total
-------------------------+-------+-------+-------+-------++-------
Melee: Short sword       |    65 |   137 |   169 |   224 ||   595
       Dagger            |     7 |       |       |       ||     7
       Bite              |     3 |     7 |    10 |    17 ||    37
 Cast: Corona            |     9 |    25 |    17 |    21 ||    72
       Ensorcelled Hiber |     7 |    44 |    82 |   100 ||   233
       Tukima's Dance    |       |     1 |     6 |    21 ||    28
Invok: Call Merchant     |       |       |       |     1 ||     1
       Potion Petition   |       |       |       |     1 ||     1
Evoke: Wand              |       |       |       |     2 ||     2
  Use: Scroll            |     4 |    12 |     5 |     6 ||    27
       Potion            |       |       |     1 |     1 ||     2
 Stab: Sleeping          |    11 |    31 |    60 |    72 ||   174
       Distracted        |       |     1 |     1 |     1 ||     3
Armor: Robe              |    25 |    43 |    50 |    59 ||   177
Dodge: Dodged            |    50 |   110 |   117 |   130 ||   407

Table legend: (Time is in decaauts)
 A = Elapsed time spent in this place.
 B = Non-inter-level travel time spent in this place.
 C = Inter-level travel time spent in this place.
 D = Time resting spent in this place.
 E = Time spent auto-exploring this place.
 F = Levels seen in this place.
 G = Mean time per level.
                   A        B        C        D        E       F      G
               +--------+--------+--------+--------+--------+-----+--------+
         Total |  15002 |  13976 |   1026 |    269 |  10547 |  14 | 1071.6 |
       Dungeon |  13010 |  12025 |    985 |    204 |   9210 |  10 | 1301.0 |
        Temple |     96 |     77 |     19 |      0 |     54 |   1 |   96.0 |
  Orcish Mines |    499 |    478 |     21 |      0 |    296 |   2 |  249.5 |
         Sewer |   1395 |   1395 |      0 |     65 |    987 |   1 | 1395.0 |
               +--------+--------+--------+--------+--------+-----+--------+

Top non-repeatable levels by time:
     D:7: 1844 daAuts
     D:6: 1826 daAuts
     D:3: 1495 daAuts
    D:10: 1424 daAuts
   Sewer: 1395 daAuts
     D:1: 1234 daAuts
     D:8: 1194 daAuts
     D:9: 1178 daAuts
     D:4: 1143 daAuts
     D:5: 965 daAuts
     D:2: 703 daAuts
   Orc:1: 432 daAuts
  Temple: 96 daAuts
   Orc:2: 67 daAuts
